 Dungeon Crawl Stone Soup version 0.18-a0-888-g17a9b31 (webtiles) character file.

1003 Jmtri7 the Inquisitive (level 8, 0/51 HPs)
             Began as a Lacertilian Monk on Jan 1, 2016.
             Was a Follower of Pakellas.
             Slain by an orc
             ... wielding a +0 trident
              (7 damage)
             ... on level 5 of the Dungeon.
             The game lasted 00:20:09 (4302 turns).

Jmtri7 the Inquisitive (Lacertilian Monk)           Turns: 4302, Time: 00:20:09

Health: 0/51       AC:  7    Str: 10    XL:     8   Next: 20%
Magic:  6/21       EV: 14    Int: 11    God:    Pakellas [*.....]
Gold:   196        SH:  0    Dex: 19    Spells: 1 memorised, 0 levels left

rFire  . . .     SeeInvis .     o - +2 dagger (speed)
rCold  . . .     Gourm    .     s - +0 robe
rNeg   . . .     Faith    +     (no shield)
rPois  .         Spirit   .     (no helmet)
rElec  .         Dismiss  .     e - +0 cloak
rCorr  .         Reflect  .     j - +0 pair of gloves of the Harp {MP+9}
SustAt .         Harm     .     (no boots)
MR     .....                    (no amulet)
Stlth  ++++++....               (no ring)
                                (no ring)

@: not resistant to hostile enchantments, very stealthy
A: faith, no wrath for changing religions, slimy green scales 2, camouflage 2,
cold-blooded
a: Quick Charge, Renounce Religion


You were on level 5 of the Dungeon.
You worshipped Pakellas.
Pakellas was aware of your devotion.
You were not hungry.

You visited 1 branch of the dungeon, and saw 5 of its levels.
You also visited: Sewer.

You collected 196 gold pieces.

Inventory:

Hand Weapons
 o - a +2 dagger of speed (weapon)
Missiles
 c - 66 stones (quivered)
Armour
 e - a +0 cloak (worn)
 j - the +0 pair of gloves of the Harp (worn) {MP+9}
   (You found it on level 4 of the Dungeon)

   It affects your magic capacity (+9).
 s - a +0 robe (worn)
Wands
 n - a wand of cold (1/15)
Scrolls
 a - 2 scrolls of identify
 p - a scroll of remove curse
 q - a scroll of fear
 r - 2 scrolls of teleportation
 v - a scroll of noise {unknown}
Potions
 d - a potion of brilliance {unknown}
 g - 2 potions of lignification {unknown}
 h - a potion of mutation {unknown}
 i - 2 potions of might {unknown}
 l - a potion of degeneration {unknown}
 u - a potion of curing {unknown}
Books
 k - a book of Transfigurations

   Spells                             Type                      Level
   a - Stoneskin                      Transmutation/Earth          2
   b - Irradiate                      Conjuration/Transmutation    5
   c - Statue Form                    Transmutation/Earth          6
   d - Hydra Form                     Transmutation                6
   e - Dragon Form                    Transmutation                7
 m - a book of Battle

   Spells                             Type                      Level
   a - Infusion                       Charms                       1
   b - Shroud of Golubria             Charms/Translocation         2
   c - Song of Slaying                Charms                       2
   d - Spectral Weapon                Hexes/Charms                 3
   e - Regeneration                   Charms/Necromancy            3
Comestibles
 b - 2 bread rations
 f - 4 meat rations
 t - a beef jerky


   Skills:
 - Level 2.4 Fighting
 - Level 3.0 Dodging
 - Level 7.1 Stealth
 - Level 3.2 Unarmed Combat
 + Level 7.6 Evocations


You couldn't memorise any spells.
You knew the following spells:

 Your Spells              Type           Power        Failure   Level  Hunger
a - Dragon Form           Trmt           #.........   100%        7    #######


Dungeon Overview and Level Annotations

Branches:
Dungeon (5/15)
 Temple: D:4-7

Altars:
Cheibriados
Gozag
Nemelex Xobeh
Pakellas

Shops:
D:2 }   D:5 =


Innate Abilities, Weirdness & Mutations

You have a strong connection with the divine.
You may change religions without incurring divine wrath.
You are mostly covered in slimy green scales (AC +3).
Your skin blends seamlessly with your surroundings (Stealth).
You are cold-blooded and may be slowed by cold attacks.


Message History

The orc closely misses you.
You hit the jackal.
You kill the jackal!
Pakellas accepts your kill.
You feel your power returning. The jackal barely misses you.
The orc hits you from afar with a trident.
* * * LOW HITPOINT WARNING * * *
The jackal misses you.
Things that are here:
a dagger; a leather armour; a jackal corpse You closely miss the jackal.
Your tail-slap misses the jackal.
The jackal bites you but does no damage.
The orc misses you.
You closely miss the jackal. You tail-slap the jackal.
The jackal is lightly wounded.
The jackal barely misses you.
You hit the jackal.
The jackal is almost dead.
The orc hits you from afar with a trident!
You die...

....####+##.#.'.......+.#.#
.....# #. #.###.......###.#
###.##.# ###########.# ..
##. ..#.###............ ...
..##.#.##...########.#
#.##.##.##.#.##...## #.#
..#...#..#...##....#######.#
.h.......##..##....8..∩..8.#
#.... #...#@.###'#.......#.#
##..##..oh....<.#.......#.#
#.......o##.#####.......#.#
#..##....##>............#.#
#....########.#######.#
#..........# #.# #.#
#.#...#....# #.# #.#
##.##..### #.# #.# ... ...#
#.# #.#


You could see an orc priest, an orc and a jackal.

Vanquished Creatures
  A two-headed ogre (D:4)
  An ice beast (D:5)
  A crocodile (Sewer)
  2 orc priests (D:4)
  A jelly (D:5)
  A hound (D:4)
  2 giant frog skeletons
  6 orc wizards (D:4)
  An iguana (D:5)
  7 worker ants
  4 adders
  A river rat (D:3)
  A shadow imp (D:5)
  4 worms
  2 giant geckos
  4 orcs
  A ball python (D:3)
  4 giant cockroaches
  2 goblins
  3 hobgoblins
  6 jackals
  7 kobolds
  A quokka (D:5)
  4 bats (D:1)
  2 giant newts (D:1)
  A quokka skeleton (D:4)
  9 rats
79 creatures vanquished.

Notes
Turn   | Place    | Note
--------------------------------------------------------------
     0 | D:1      | Jmtri7 the Lacertilian Monk began the quest for the Orb.
     0 | D:1      | Reached XP level 1. HP: 15/15 MP: 0/0
    89 | D:1      | Reached XP level 2. HP: 18/20 MP: 1/1
   241 | D:1      | Reached skill level 4 in Stealth
   559 | D:1      | Reached XP level 3. HP: 25/25 MP: 2/2
   844 | D:2      | Found an oddly glowing altar of Pakellas.
   844 | D:2      | Found Pakellas's Prime Provisions.
   896 | D:2      | Became a worshipper of Pakellas the Inventive
   896 | D:2      | Reached * piety under Pakellas
   896 | D:2      | Reached ** piety under Pakellas
   896 | D:2      | Received a gift from Pakellas
   962 | D:2      | Reached skill level 5 in Stealth
  1247 | D:3      | Found a glowing drain.
  1249 | D:3      | Reached XP level 4. HP: 30/30 MP: 3/3
  1282 | Sewer    | Entered a sewer
  1288 | Sewer    | Noticed a crocodile
  1297 | Sewer    | Killed a crocodile
  1297 | Sewer    | Reached skill level 6 in Stealth
  1297 | Sewer    | Reached XP level 5. HP: 35/35 MP: 4/4
  1396 | D:3      | Found a faded altar to an unknown god.
  1409 | D:3      | Reached skill level 7 in Stealth
  1547 | D:4      | Found a snail-covered altar of Cheibriados.
  1561 | D:4      | Reached skill level 1 in Evocations
  1596 | D:4      | Reached XP level 6. HP: 16/41 MP: 4/6
  1930 | D:4      | Got a pair of heavily runed gloves
  1936 | D:4      | Identified the +0 pair of gloves of the Harp {MP+9} (You found it on level 4 of the Dungeon)
  2263 | D:4      | Noticed a two-headed ogre
  2268 | D:4      | Killed a two-headed ogre
  2268 | D:4      | Reached skill level 5 in Evocations
  2268 | D:4      | Gained mutation: Your skin blends seamlessly with your surroundings (Stealth). [Lacertilian growth]
  2268 | D:4      | Reached XP level 7. HP: 45/45 MP: 6/10
  3558 | D:5      | Entered Level 5 of the Dungeon
  3677 | D:5      | Found a sparkling altar of Nemelex Xobeh.
  3678 | D:5      | Found an opulent altar of Gozag.
  3714 | D:5      | Found Laf Odd's Jewellery Emporium.
  3748 | D:5      | Reached XP level 8. HP: 51/51 MP: 2/12
  4250 | D:5      | Learned a level 7 spell: Dragon Form
  4302 | D:5      | Slain by an orc

Vault maps used:
D:1:      mushboom_english_gardens, minmay_fountain_box, st_stairs_11
D:2:      johnstein_pakellas_shop, first_bread
D:3:      portal_sewer_entry_b, ecumenical_altar_1, kennysheep_generic_room_14
D:4:      kennysheep_six_static_rooms, cheibriados_altar_1
D:5:      grunt_temple_overflow_opulence, nicolae_overflow_hidden_temple,
          minmay_temple_entry_enclosed_plants, serial_shops, shop_statue,
          hangedman_decor_clover_reticule, minmay_misc_feat_rugged
Sewer:    sewer_the_crocodile

Action                   |  1- 3 |  4- 6 |  7- 9 || total
-------------------------+-------+-------+-------++-------
Melee: Unarmed           |    47 |       |       ||    47
       Short sword       |    34 |       |       ||    34
       Dagger            |       |       |    53 ||    53
Invok: Quick Charge      |     1 |     6 |    12 ||    19
Evoke: Wand              |     7 |    36 |    17 ||    60
  Use: Scroll            |     3 |     5 |       ||     8
 Stab: Sleeping          |    10 |       |     7 ||    17
  Eat: Pizza             |       |     1 |       ||     1
       Meat ration       |       |     1 |       ||     1
       Bread ration      |       |       |     2 ||     2
